Disciple, chaotic male human Priest ------ |.=..| ----- ------------ |....+### |...| |.........*| |....| ## ----- ##.*^.| ----- |........%.(# |.....##%##|...|# # |...| |....##############|...>.....%|# ------ #.....### |..{| #%-...| #|..........|# |...|# |...| # |...-### #|..........|# |...| ....| ### |.f.| # #|.....`....|# |...| -|--- # |'@.| ### #------------# |...| #############....| # #### # ----- # # ----- ### # # ---- ### # # ################# |..| # ### ---.-.--- ### -.--- |..| # |.......| |..<| ---- ##........| -...| |.......| |...| --------- ----- Disciple the Priest Experience level: 10 Strength: 21 Dexterity: 15 Constitution: 13 Intelligence: 10 Wisdom: 18 Charisma: 13 Health: 0(81) Energy: 183(183) Def: 0 Gold: 7106 Moves: 12672 Dungeon seed: QC9lHWdp5sCUtWfD Game ID: Disciple_1521296408 Your Inventory: Coins $ - 7106 gold pieces Weapons a - a blessed rustproof +1 mace Armor e - an uncursed +0 robe r - an uncursed +0 small shield y - a blessed rusty +0 magical dwarvish iron helm N - a blessed +0 pair of speed boots Y - an uncursed +0 splint mail Comestibles c - an uncursed clove of garlic d - an uncursed sprig of wolfsbane I - 3 uncursed cram rations P - 2 uncursed Drugses Scrolls A - an uncursed scroll of teleportation Potions l - an uncursed potion of water E - an uncursed potion of water Rings k - an uncursed ring of polymorph (on right hand) p - an uncursed ring of free action s - an uncursed ring of cold immunity R - an uncursed ring of polymorph control (on left hand) T - an uncursed ring of regeneration U - a blessed +3 ring of increase damage X - an uncursed ring of teleport control Wands m - an uncursed wand of digging (0:3) o - an uncursed wand of probing (0:2) B - a blessed wand of digging (0:5) C - an uncursed wand of digging (0:3) F - an uncursed wand of sleep (0:4) H - an uncursed wand of teleportation (0:2) O - an uncursed wand of polymorph (0:1) Z - an uncursed wand of striking (0:0) Tools q - an uncursed +0 unicorn horn J - an uncursed bag of holding K - an uncursed towel W - an uncursed lock pick Gems n - an uncursed luckstone Contents of the bag of holding: 4364 gold pieces an uncursed +0 mummy wrapping 18 uncursed food rations 2 uncursed tripe rations an uncursed scroll of amnesia an uncursed scroll of blank paper 3 uncursed scrolls of earth 2 uncursed scrolls of fire 3 uncursed scrolls of identify an uncursed scroll of light 2 uncursed scrolls of remove curse a cursed scroll of remove curse an uncursed scroll of stinking cloud 2 uncursed potions of paralysis an uncursed ring of levitation a cursed ring of polymorph an uncursed ring of stealth an uncursed wand of digging (0:5) an uncursed wand of teleportation (0:7) an uncursed magic marker (0:6) an uncursed mirror an uncursed mirror an uncursed oil lamp (0:1007) Spells and supernatural/magical abilities: Name Level Category Fail Memory c - cause fear 3 enchantment 75% 86% d - dig 2 matter 0% 100% l - light 1 divination 0% 81% s - slow monster 2 enchantment 0% 100% u - confuse monster 2 enchantment 0% 99% I - identify 2 divination 0% 97% R - restore ability 4 healing 96% 99% W - pray for help -- divine ? -- X - turn undead -- divine ? -- Your skills at the end: Fighting Skills wands [Basic] Weapon Skills mace [Expert] Spellcasting Skills clerical spells [Basic] Final Attributes: You were sleep resistant. You were poison resistant. You were telepathic. You were visible. You aggravated monsters. You could survive without air. You were polymorphing. You had polymorph control. You were slow. You were lucky. You had extra luck. Bad luck did not time out for you. Good luck did not time out for you. You last prayed 2701 turns ago. You are dead. Vanquished creatures: a titanothere a clay golem 2 ghosts a watch captain a monk a queen bee a mind flayer 2 giant mimics a long worm a water elemental an elf-lord a warg 2 winter wolves 3 small mimics 2 xans an ettin mummy a quantum mechanic 2 trolls a gelatinous cube 2 large dogs a tiger a gargoyle a dwarf king an elf mummy 2 wraiths a leather golem a soldier 3 watchmen 2 crocodiles 6 wolves 4 winter wolf cubs 2 orc-captains 3 giant spiders 2 vampire bats 4 gnome kings 2 ogres a rust monster 2 owlbears 2 yetis 2 gold golems 2 lizards 5 dogs 3 dingos 3 housecats 2 dwarf lords 4 blue jellies a white unicorn 2 gray unicorns a dust vortex a raven 2 snakes 9 human zombies 2 rope golems a soldier ant 4 bugbears 3 water nymphs a mountain nymph 3 Uruk-hai an orc shaman a rock piercer 3 rock moles 4 fog clouds 3 yellow lights 2 shriekers 3 violet fungi 18 gnome lords 11 gnomish wizards 2 kobold mummies a guardian naga hatchling 4 elf zombies 2 ghouls 2 giant ants a little dog 7 floating eyes 4 kittens 19 dwarves 3 homunculi 5 kobold lords 2 kobold shamans 10 hill orcs 10 rothes a rabid rat a centipede 3 giant bats 4 monkeys 4 orc zombies 2 dwarf zombies 2 wererats 2 werejackals 7 iguanas 19 killer bees 4 acid blobs 9 coyotes 2 gas spores 10 hobbits 19 manes 4 large kobolds 9 hobgoblins 7 giant rats 9 cave spiders 3 yellow molds a green mold 65 gnomes 8 garter snakes 6 gnome zombies 8 geckos 9 jackals 3 foxes 2 kobolds 2 goblins 4 sewer rats 6 grid bugs 4 bats 7 lichens 4 kobold zombies 8 newts 496 creatures vanquished. Genocided species: minotaurs liches demiliches master liches arch-liches vampires vampire lords 7 species genocided. Voluntary challenges: You used a wielded weapon 565 times, starting on turn 36. You read items or engraved 112 times, starting on turn 11. You genocided 7 types of monsters, starting on turn 939. You never polymorphed an object. You changed form 22 times, starting on turn 6370. You used no wishes. You never split a pudding. You wrote Elbereth's name 48 times, starting on turn 3080. You violated your moral code, losing 192 points of alignment, starting on turn 6966. Dungeon overview: The Dungeons of Doom: levels 1 to 18 Level 1 a fountain a long staircase Level 2 stairs to The Gnomish Mines Level 3 Level 4 an altar to Venus, a fountain, a sink Level 5 a general store Level 6 an altar to Mars, a fountain Level 7 Level 8 an altar to Mars, a fountain Level 9 many fountains Level 10 a fountain stairs to Sokoban Level 11 a vault Level 12 Level 13 an armor shop Level 14 a fountain Level 15 some fountains, a sink Level 16 portal to The Quest Level 17 a temple to Mercury, a vault Level 18 <- You were here a fountain, a vault The Gnomish Mines: levels 3 to 10 Level 3 stairs to The Dungeons of Doom Level 4 Level 5 many shops, a temple to Mars, some fountains Level 6 Level 7 Level 8 Level 9 Level 10 a fountain The Quest: Level 1 portal to The Dungeons of Doom Sokoban: levels 6 to 9 Level 6 Level 7 Level 8 Level 9 Solved stairs to The Dungeons of Doom History has recorded: On T:1 you entered the Dungeons of Doom to retrieve the Amulet of Yendor! On T:314 you reached level 2 of The Dungeons of Doom. On T:593 you reached level 3 of The Dungeons of Doom. On T:632 you advanced to experience level 2. On T:835 you reached level 4 of The Dungeons of Doom. On T:929 you advanced to experience level 3. On T:1143 you reached level 5 of The Dungeons of Doom. On T:1325 you advanced to experience level 4. On T:1459 you reached level 6 of The Dungeons of Doom. On T:1697 you reached level 1 of The Gnomish Mines. On T:1858 you advanced to experience level 5. On T:2066 you reached level 2 of The Gnomish Mines. On T:2229 you advanced to experience level 6. On T:2274 you reached level 3 of The Gnomish Mines. On T:3083 you advanced to experience level 7. On T:3319 you reached level 7 of The Dungeons of Doom. On T:3490 you reached level 8 of The Dungeons of Doom. On T:3795 you reached level 9 of The Dungeons of Doom. On T:4061 you reached level 10 of The Dungeons of Doom. On T:4138 you advanced to experience level 8. On T:4227 you reached level 4 of Sokoban. On T:4438 you reached level 3 of Sokoban. On T:4922 you reached level 2 of Sokoban. On T:5228 you reached level 1 of Sokoban. On T:6875 you advanced to experience level 9. On T:7067 you reached level 4 of The Gnomish Mines. On T:7352 you reached level 5 of The Gnomish Mines. On T:7358 you advanced to experience level 8. On T:7522 you reached level 6 of The Gnomish Mines. On T:7699 you reached level 7 of The Gnomish Mines. On T:7872 you reached level 8 of The Gnomish Mines. On T:8959 you reached level 11 of The Dungeons of Doom. On T:9129 you reached level 12 of The Dungeons of Doom. On T:9322 you reached level 13 of The Dungeons of Doom. On T:9667 you reached level 14 of The Dungeons of Doom. On T:9681 you advanced to experience level 9. On T:9761 you advanced to experience level 8. On T:9821 you reached level 15 of The Dungeons of Doom. On T:9824 you reached level 16 of The Dungeons of Doom. On T:11510 you reached level 1 of The Quest. On T:11754 you reached level 17 of The Dungeons of Doom. On T:12052 you advanced to experience level 10. On T:12238 you reached level 18 of The Dungeons of Doom. Score breakdown: Gold: 11470 (13809 points) Experience: 10 levels (16712 points) Exploration: 18 levels ( 34.62%) (17320 points) Discoveries: 67 items ( 22.33%) (14177 points) Valuables value: (no points given unless you survive) Artifact value: 0 ( 0 points) Variety of kills: 116 monsters ( 30.53%) (16575 points) Turncount: 12672 turns (-2728 points) Survival: died (score multiplied by 80%) Total score: 60692 Latest messages: As you kick the door, it crashes open! [2 turns] You return to human form! You feel cooler! You must have lost cold resistance. You feel absorptive! You must have lost reflection. Something is written here in the dust. You read: "V ad w?s ner". [2 turns] [3 turns] The panther hits! (2x) The panther bites! [2 turns] You hit the panther! The panther hits! (2x) The panther bites! The panther hits! (2x) The panther bites! You die... For some reason, you think that you can almost hear the Wizard laugh manically... Final status: Goodbye Disciple the Priest, killed by a panther... You died in The Dungeons of Doom on dungeon level 18 with 60692 points, and 11470 pieces of gold, after 12672 moves. You were level 10 with a maximum of 81 hit points when you died.